Map: Orbital Shipyard

Players

Lunatic

  • Race: Protoss Protoss
  • League: Gold

ILLBdA - Winner!

  • Race: Protoss Protoss
  • League: Diamond

VOD

Have the link to the VOD?

Description

Time

  • Played on: Dec. 31, 2015, 12:03 p.m.
  • Length: 3:49
Show
View Real Time Build Order
Export as new Build Order

Lunatic Protoss 

Build Orders:  

Get SALT Encoding   

  12  0:01  Probe (Chrono Boost)  
  13  0:11  Probe (Chrono Boost)  
  14  0:18  Pylon  
  14  0:22  Probe (Chrono Boost)  
  15  0:36  Probe (Chrono Boost)  
  16  0:47  Probe (Chrono Boost)  
  17  0:57  Probe (Chrono Boost)  
  18  1:07  Nexus  
  18  1:08  Probe (Chrono Boost)  
  18  1:27  Probe (Chrono Boost)  
  18  1:32  Gateway  
  19  1:37  Probe (Chrono Boost)  
  20  1:48  Probe (Chrono Boost)  
  21  1:58  Probe (Chrono Boost)  
  22  2:09  Probe (Chrono Boost), Pylon  
  22  2:11  Assimilator  
  23  2:19  Zealot (Chrono Boost)  
  23  2:22  Cybernetics Core  
  24  2:29  Probe (Chrono Boost)  
  25  2:39  Probe (Chrono Boost)  
  26  2:45  Pylon  
  26  2:48  Zealot (Chrono Boost)  
Show
View Real Time Build Order
Export as new Build Order

ILLBdA Protoss - Winner!

Build Orders:  

Get SALT Encoding   

  12  0:03  Probe (Chrono Boost)  
  14  0:14  Probe (Chrono Boost)  
  14  0:18  Pylon  
  14  0:24  Probe (Chrono Boost)  
  15  0:36  Probe (Chrono Boost)  
  15  0:39  Forge  
  16  0:47  Probe (Chrono Boost)  
  17  0:57  Probe (Chrono Boost)  
  18  1:15  Pylon  
  18  1:16  Pylon  
  18  1:23  Pylon  
  17  1:26  Probe (Chrono Boost)  
  18  1:37  Probe (Chrono Boost)  
  19  1:42  Photon Cannon  
  19  1:44  Photon Cannon  
  19  1:45  Pylon  
  19  1:47  Pylon  
  19  1:50  Probe (Chrono Boost)  
  19  2:17  Pylon, Photon Cannon  
  19  2:30  Pylon  
  19  2:32  Pylon  
  19  2:34  Pylon  
  19  2:36  Photon Cannon  
  19  2:51  Photon Cannon x2  
  19  2:57  Probe (Chrono Boost)  
  19  3:03  Photon Cannon  
  19  3:15  Gateway  
  19  3:17  Gateway  
Tags
 
Matchup
PvP
Replay Pack
me
Add a new tag
Caveats
  • Supply blocks, unpowered buildings, or Contaminate may cause inaccurate times.
  • Supply counts are checked every 10 seconds.